 Dungeon Crawl Stone Soup version 0.20-a0-1008-g0de3dc5 (webtiles) character file.

250 varam the Slinger (level 6, 34/39 HPs)
             Began as a Halfling Hunter on Apr 15, 2017.
             Quit the game on level 2 of the Dungeon on Apr 27, 2017.
             The game lasted 00:06:35 (1305 turns).

varam the Slinger (Halfling Hunter)                 Turns: 1305, Time: 00:06:35

Health: 34/39      AC:  4    Str: 13    XL:     6   Next: 35%
Magic:  6/6        EV: 14    Int:  9    God:
Gold:   95         SH:  0    Dex: 17    Spells: 5/5 levels left

rFire    . . .     SeeInvis .   a - +1 hunting sling
rCold    . . .     Gourm    .   (shield restricted)
rNeg     . . .     Faith    .   c - +0 leather armour
rPois    .         Spirit   .   (no helmet)
rElec    .         Reflect  .   (no cloak)
rCorr    .         Harm     .   (no gloves)
MR       .....                  i - +0 pair of boots
Stlth    +++.......             (no amulet)
Regen    0.2/turn               (no ring)
MPRegen  0.1/turn               (no ring)

@: no status effects
A: mutation resistance 1
a: no special abilities


You were on level 2 of the Dungeon.
You were not hungry.

You visited 1 branch of the dungeon, and saw 2 of its levels.

You collected 95 gold pieces.

Inventory:

Hand Weapons
 a - a +1 hunting sling (weapon)
 b - a +0 short sword
Missiles
 d - 8 sling bullets (quivered)
 e - 27 stones
Armour
 c - a +0 leather armour (worn)
 i - a +0 pair of boots (worn)
Jewellery
 p - a +3 ring of evasion {unknown}
Wands
 q - a wand of iceblast (7/15)
Scrolls
 g - a scroll of enchant weapon {unknown}
 m - a scroll of enchant armour {unknown}
 o - 2 scrolls of identify {unknown}
 r - a scroll of blinking {unknown}
Potions
 j - 3 potions of resistance {unknown}
 k - a potion of cancellation {unknown}
 n - a potion of curing {unknown}
Comestibles
 f - a bread ration
 h - 2 meat rations
 l - 3 chunks of flesh


   Skills:
 - Level 1.7 Fighting
 + Level 8.5 Slings
 - Level 2.1 Dodging
 + Level 4.8 Stealth


You had 5 spell levels left.
You didn't know any spells.

Dungeon Overview and Level Annotations

Branches:
Dungeon (2/15)

Altars:
Ru


Innate Abilities, Weirdness & Mutations

You are small and have problems with some larger weapons.
You are somewhat resistant to further mutation.


Message History

Sigmund is almost dead.
Sigmund hits you but does no damage.
Firing (i - inventory. (,) - cycle):
d - 9 sling bullets (quivered)
Press: ? - help, Shift-Dir - straight line, f/p - Sigmund
Aim: Sigmund, wielding a scythe and wearing a runed robe (almost dead)
You shoot a sling bullet. The sling bullet hits Sigmund.
You kill Sigmund!
Your Slings skill increases to level 8!
Your Stealth skill increases to level 4!
You have reached level 5!
You feel agile.
You have reached level 6!
Your experience leads to an increase in your attributes!
Increase (S)trength, (I)ntelligence, or (D)exterity?
You feel agile.
Welcome back, varam the Halfling Hunter.
Press ? for a list of commands and other information.
Welcome back, varam the Halfling Hunter.
Press ? for a list of commands and other information.
Are you sure you want to abandon this character and quit the game? (Confirm with "yes".)

##### #.# ####.#####.#.... # #.#
#.......##<#..## ##### ##.##
#.##.##.##.#..#. ....# #...#
#.##.##.##...... ###.# #...#
#.##....####.... .##.# #..(#
#.#####.# ##.## .##.# #.(.#
#.#####.# ###...
.##.#####...######.......###.....
........<.......@................
....[.............#####..........
.#>........)......#####...##.....
.#..#####...####..........##.....
.#..# ##.#.## ##.##.##.####.....
.#..# #.###.# #.......####..###
....# ##.#.## ####.##....)..###
....# ###...##### #.########.##.
.#### #........... #.# #.##.


There were no monsters in sight!

Vanquished Creatures
  Sigmund (D:2)
  4 adders (D:2)
  4 dart slugs
  A leopard gecko (D:1)
  6 bats
  3 goblins (D:1)
  4 hobgoblins
  11 jackals
  3 kobolds
  3 ball pythons
  4 frilled lizards
  6 rats
50 creatures vanquished.

Notes
Turn   | Place    | Note
-------+----------+-------------------------------------------
     0 | D:1      | varam the Halfling Hunter began the quest for the Orb.
     0 | D:1      | Reached XP level 1. HP: 14/14 MP: 1/1
   116 | D:1      | Reached skill level 6 in Slings
   128 | D:1      | Reached XP level 2. HP: 19/19 MP: 2/2
   216 | D:1      | Reached skill level 2 in Stealth
   232 | D:1      | Reached XP level 3. HP: 24/24 MP: 3/3
   600 | D:2      | Reached skill level 7 in Slings
   660 | D:2      | Reached XP level 4. HP: 29/29 MP: 4/4
   716 | D:1      | Reached skill level 3 in Stealth
  1004 | D:2      | Found a sacrificial altar of Ru.
  1080 | D:2      | Noticed Sigmund
  1296 | D:2      | Killed Sigmund
  1296 | D:2      | Reached skill level 8 in Slings
  1296 | D:2      | Reached skill level 4 in Stealth
  1296 | D:2      | Reached XP level 5. HP: 28/34 MP: 5/5
  1296 | D:2      | Reached XP level 6. HP: 32/39 MP: 6/6
  1305 | D:2      | Quit the game

Vault maps used:
D:1:      matt_arrival_diagonals, serial_curves, eino_curves_04, eino_curves_01
D:2:      lemuel_upstairs_altar, nicolae_ru_awakened_eye, uniq_sigmund

Skill      XL: |  1  2  3  4 |
---------------+-------------+-----
Slings         | 6 7 8 |  8.5
Stealth        | 2 4 |  4.8
Fighting       | |  1.7
Dodging        | |  2.1

Action                   |  1- 3 |  4- 6 || total
-------------------------+-------+-------++-------
Melee: Short sword       |       |    38 ||    38
 Fire: Hunting sling     |    56 |    47 ||   103
 Stab: Sleeping          |       |     1 ||     1
  Eat: Chunk             |       |     1 ||     1
Armor: Leather armour    |       |    29 ||    29
Dodge: Dodged            |     5 |    63 ||    68
